 Dungeon Crawl Stone Soup version 0.25.1-2-g60ff931df9 (webtiles) character file.

Game seed: 15638257064855584928

17262 moutzl the Basher (level 12, -8/89 HPs)
             Began as a Vampire Gladiator on Sept 9, 2020.
             Was an Initiate of Ru.
             Mangled by a ten-headed hydra (11 damage)
             ... on level 2 of the Lair of Beasts on Sept 10, 2020.
             The game lasted 02:53:03 (12509 turns).

moutzl the Basher (Vampire Gladiator)              Turns: 12509, Time: 02:53:06

Health: -8/89      AC: 12    Str: 15    XL:     12   Next: 17%
Magic:  21/21      EV: 19    Int: 13    God:    Ru [......]
Gold:   372        SH:  7    Dex: 30    Spells: 22/23 levels left

rFire    . . .     SeeInvis +   v - +2 war axe of the Wasp {drain, Dex+4}
rCold    . . .     Gourm    .   A - +0 buckler
rNeg     . . .     Faith    +   C - +3 leather armour of the Evil One {MR- Regen+ Int+2 Dex+6}
rPois    .         Spirit   .   c - +1 helmet
rElec    .         Reflect  .   (no cloak)
rCorr    .         Harm     .   t - +1 pair of gloves
MR       .....                  d - +0 pair of boots
Stlth    +++.......             m - amulet of faith
HPRegen  0.84/turn              (no ring)
MPRegen  0.17/turn              (no ring)

@: regenerating quickly, studying Polearms
A: no food, fangs 3, hooves 1, see invisible, agile 1, unbreathing
a: Exsanguinate, Sacrifice Words, Sacrifice Skill, Sacrifice Artifice, Reject
Sacrifices, Renounce Religion


You were on level 2 of the Lair of Beasts.
You worshipped Ru.
Ru was noncommittal.
You were alive.

You visited 3 branches of the dungeon, and saw 14 of its levels.

You collected 877 gold pieces.
You spent 505 gold pieces at shops.

Inventory:

Hand Weapons
 v - the +2 war axe of the Wasp (weapon) {drain, Dex+4}
   (You found it on level 8 of the Dungeon)

   A truly terrible weapon, it drains the life of those it strikes.
   It affects your dexterity (+4).
 H - a +0 whip
Missiles
 r - 91 stones
 w - 3 boomerangs (quivered)
 y - 2 throwing nets
Armour
 c - a +1 helmet (worn)
 d - a +0 pair of boots (worn)
 t - a +1 pair of gloves (worn)
 A - a +0 buckler (worn)
 C - the +3 leather armour of the Evil One (worn) {MR- Regen+ Int+2 Dex+6}
   (You found it on level 8 of the Dungeon)

   It affects your intelligence (+2).
   It affects your dexterity (+6).
   It affects your resistance to hostile enchantments.
   It increases your rate of regeneration.
Magical Staves
 f - an uncursed staff of death
Jewellery
 m - an amulet of faith (around neck)
 F - a +4 ring of evasion {unknown}
Wands
 a - a wand of paralysis (7)
 q - a wand of enslavement (7)
 z - a wand of random effects (7)
Scrolls
 b - 8 scrolls of remove curse
 i - 3 scrolls of identify
 k - a scroll of noise
 s - 2 scrolls of fog
 E - a scroll of torment
 I - a scroll of blinking
Potions
 e - a potion of curing
 h - a potion of might
 j - 2 potions of heal wounds
 l - 3 potions of flight
 n - 2 potions of brilliance
 o - 2 potions of ambrosia
 p - a potion of lignification
 u - 2 potions of invisibility {unknown}
 x - a potion of berserk rage {unknown}
 B - 2 potions of resistance {unknown}
Books
 D - a manual of Polearms
Comestibles
 g - 24 rations


   Skills:
 + Level 6.9 Fighting
   Level 4.6 Short Blades
 + Level 7.6(10.1) Axes
 * Level 9.7(10.6) Maces & Flails
 + Level 3.9 Throwing
 + Level 4.3 Armour
 + Level 7.2 Dodging
 + Level 2.0 Stealth
 + Level 2.5 Shields
 * Level 6.0 Spellcasting
 + Level 0.3 Conjurations
 + Level 0.3 Fire Magic


You had 22 spell levels left.
You knew the following spells:

 Your Spells              Type           Power        Failure   Level  Hunger
a - Foxfire               Conj/Fire      #...         22%         1    N/A

Your spell library contained the following spells:

 Spells                   Type           Power        Failure   Level  Hunger
 Conjure Flame            Conj/Fire      #.......     54%         3    N/A
 Inner Flame              Hex/Fire       #.......     56%         3    N/A
 Confusing Touch          Hex            #.......     58%         3    N/A
 Gell's Gravitas          Tloc           #.........   58%         3    N/A
 Sticky Flame             Conj/Fire      #.......     91%         4    N/A
 Petrify                  Tmut/Erth      #.......     94%         4    N/A
 Summon Lightning Spire   Summ/Air       #.......     94%         4    N/A
 Fireball                 Conj/Fire      #.........   99%         5    N/A
 Metabolic Englaciation   Hex/Ice        #.........   100%        5    N/A
 Silence                  Hex/Air        #.........   100%        5    N/A
 Yara's Violent Unravell  Hex/Tmut       #.........   100%        5    N/A
 Conjure Ball Lightning   Conj/Air       #.........   100%        6    N/A
 Tornado                  Air            #.........   100%        9    N/A

Dungeon Overview and Level Annotations

Branches:
Dungeon (11/15)            Temple (1/1) D:5            Lair (2/6) D:11
  Swamp: Lair:2-4    Shoals: Lair:2-4     Snake: Lair:2-4    Spider: Lair:2-4
    Orc: D:9-12

Altars:
Ashenzari
Cheibriados
Dithmenos
Elyvilon
Fedhas
Gozag
Hepliaklqana
Kikubaaqudgha
Makhleb
Nemelex Xobeh
Okawaru
Qazlal
Ru
Sif Muna
Trog
Uskayaw
Vehumet
Wu Jian
Xom
Yredelemnul
Zin
The Shining One

Shops:
D:5 *   D:9 }:*!%


Innate Abilities, Weirdness & Mutations

You do not eat.
Your natural rate of healing is unusually fast.
You have razor-sharp teeth.
You have supernaturally acute eyesight. (SInv)
You can survive without breathing.
You have large cloven feet.
You are agile. (Dex +2)


Message History

The ten-headed hydra bites you!
* * * LOW HITPOINT WARNING * * *
The ten-headed hydra bites you but does no damage.
The ten-headed hydra completely misses you.
The ten-headed hydra bites you but does no damage.
The ten-headed hydra barely misses you.
There is a stone staircase leading up, spattered with blood here.
The ten-headed hydra bites you.
* * * LOW HITPOINT WARNING * * *
You block the ten-headed hydra's attack.
The ten-headed hydra completely misses you.
The ten-headed hydra bites you but does no damage.
The ten-headed hydra completely misses you.
The ten-headed hydra bites you but does no damage.
The ten-headed hydra bites you.
* * * LOW HITPOINT WARNING * * *
The ten-headed hydra bites you.
* * * LOW HITPOINT WARNING * * *
The ten-headed hydra bites you!
You die...

. ##..## .P###
#P.## ....#######.#
#....#P#..'########
#..............#
#..............#
##.............#
###.....D.....#
#.....@.....#
##..........#
##'....#..##
#....#.### ####...#
######.### #
###..##.'#.#
#.##..........##
#...+..........#


You could see a ten-headed hydra.

Vanquished Creatures
  Harold (D:9)
  3 two-headed ogres
  2 unseen horrors (D:10)
  An ugly thing (D:11)
  4 spiny frogs (Lair:1)
  A rime drake (Lair:1)
  A komodo dragon (D:10)
  A troll (D:10)
  2 polar bears (D:11)
  3 hippogriffs
  A spriggan (D:8)
  3 basilisks
  19 yaks
  A hungry ghost (D:7)
  4 vampire mosquitoes (D:11)
  4 water moccasins
  5 porcupines
  3 orc warriors
  A black bear (D:7)
  4 ice beasts
  2 phantoms
  A sky beast (D:6)
  A necrophage (D:9)
  6 ogres
  5 centaurs
  5 crocodiles
  A big kobold (D:9)
  9 bullfrogs
  A wyvern zombie (D:9)
  A water moccasin zombie (D:9)
  3 scorpions
  8 killer bees
  2 howler monkeys (D:5)
  9 crimson imps
  2 centaur zombies
  A quasit (D:6)
  A bullfrog zombie (D:6)
  2 jellies
  Crazy Yiuf (D:2)
  5 orc priests
  4 hounds
  Terence (D:2)
  Jessica (D:2)
  3 centaur skeletons
  4 iguanas
  6 orc wizards
  4 worker ants
  A killer bee zombie (D:8)
  A hound zombie (D:7)
  2 hound skeletons
  2 worker ant zombies
  4 gnolls (D:8)
  7 adders
  2 shadow imps
  An ooze (D:3)
  4 adder zombies
  An adder skeleton (D:6)
  2 worms
  5 dart slugs
  13 leopard geckos
  32 orcs
  5 giant cockroaches
  7 goblins
  9 hobgoblins
  9 jackals
  15 kobolds
  2 quokkas
  3 ball pythons
  11 bats
  3 frilled lizards
  A jackal skeleton (D:4)
  A leopard gecko skeleton (D:5)
  9 rats
  12 fungi
  A plant (Lair:1)
318 creatures vanquished.

Vanquished Creatures (others)
  24 foxfires
24 creatures vanquished.

Grand Total: 342 creatures vanquished

Notes
Turn   | Place    | Note
-------+----------+-------------------------------------------
     0 | D:1      | moutzl the Vampire Gladiator began the quest for the Orb.
     0 | D:1      | Reached XP level 1. HP: 16/16 MP: 1/1
    63 | D:1      | Reached XP level 2. HP: 22/22 MP: 2/2
   599 | D:1      | Reached XP level 3. HP: 28/28 MP: 3/3
   936 | D:2      | Found a glowing golden altar of the Shining One.
  1023 | D:2      | Noticed Jessica
  1033 | D:2      | Killed Jessica
  1033 | D:2      | Reached skill level 1 in Armour
  1033 | D:2      | Reached XP level 4. HP: 30/34 MP: 4/4
  1327 | D:2      | Noticed Terence
  1350 | D:2      | Killed Terence
  1467 | D:2      | Found a runed translucent door.
  1468 | D:2      | Noticed Crazy Yiuf
  1489 | D:2      | Killed Crazy Yiuf
  1489 | D:2      | Reached XP level 5. HP: 20/40 MP: 2/5
  2144 | D:3      | Found a sacrificial altar of Ru.
  2181 | D:3      | Became a worshipper of Ru the Awakened
  2471 | D:4      | Reached skill level 1 in Maces & Flails
  2513 | D:4      | Reached skill level 1 in Spellcasting
  2597 | D:4      | Reached skill level 1 in Stealth
  2597 | D:4      | Reached XP level 6. HP: 46/47 MP: 8/8
  2792 | D:4      | Reached skill level 2 in Maces & Flails
  3092 | D:4      | Reached skill level 3 in Maces & Flails
  3315 | D:5      | Entered Level 5 of the Dungeon
  3323 | D:5      | Reached XP level 7. HP: 45/52 MP: 9/9
  3645 | D:5      | Found a staircase to the Ecumenical Temple.
  3675 | Temple   | Entered the Ecumenical Temple
  3947 | D:5      | Got a faintly humming cloak
  4133 | D:5      | Found Joyhiegh's General Store.
  4189 | D:5      | Reached skill level 4 in Maces & Flails
  5058 | D:6      | Found a shimmering blue altar of Sif Muna.
  5058 | D:6      | Found an ornate altar of the Wu Jian Council.
  5086 | D:6      | Gained mutation: You are agile. (Dex +2) [potion of
                  | mutation]
  5086 | D:6      | Gained mutation: You have large cloven feet. [potion of
                  | mutation]
  5102 | D:6      | Reached XP level 8. HP: 58/58 MP: 11/11
  5260 | D:6      | Found a burning altar of Makhleb.
  5345 | D:6      | Reached skill level 5 in Maces & Flails
  5569 | D:6      | Found a snail-covered altar of Cheibriados.
  5868 | D:7      | Reached skill level 6 in Maces & Flails
  6736 | D:7      | Reached XP level 9. HP: 57/65 MP: 14/14
  7159 | D:8      | Reached skill level 7 in Maces & Flails
  7213 | D:8      | Got a faintly humming leather armour
  7224 | D:8      | Identified the +3 leather armour of the Evil One {MR-
                  | Regen+ Int+2 Dex+6} (You found it on level 8 of the
                  | Dungeon)
  7420 | D:8      | Got a scorched war axe
  7552 | D:8      | Identified the +2 war axe of the Wasp {drain, Dex+4} (You
                  | found it on level 8 of the Dungeon)
  7690 | D:8      | Found a hazy altar of Hepliaklqana.
  8279 | D:9      | Reached skill level 1 in Axes
  8531 | D:9      | Reached skill level 5 in Dodging
  8672 | D:9      | Found a shattered altar of Ashenzari.
  8678 | D:9      | Found Kuk Ipheru's Distillery.
  8698 | D:9      | Found Juwiyq's Assorted Antiques.
  8705 | D:9      | Bought a potion of heal wounds for 85 gold pieces
  8734 | D:9      | Noticed Harold
  8757 | D:9      | Killed Harold
  8757 | D:9      | Reached skill level 8 in Maces & Flails
  8757 | D:9      | Reached XP level 10. HP: 53/73 MP: 15/15
  8785 | D:9      | Reached skill level 5 in Fighting
  8839 | D:9      | Found Kuoggex's Book Emporium.
  8851 | D:9      | Bought a book of Flames for 420 gold pieces
  8898 | D:9      | Learned a level 1 spell: Foxfire
  9035 | D:9      | Found Kiffaad's Gadget Shoppe.
  9433 | D:9      | Found a shimmering altar of Xom.
  9436 | D:9      | Found a shimmering altar of Xom.
  9658 | D:9      | Found Daegrima's Food Emporium.
  9738 | D:10     | Entered Level 10 of the Dungeon
  9749 | D:10     | Noticed an unseen horror
  9773 | D:10     | Killed an unseen horror
  9773 | D:10     | Reached skill level 1 in Shields
  9983 | D:10     | Noticed a two-headed ogre
 10023 | D:10     | Killed a two-headed ogre
 10142 | D:10     | Reached XP level 11. HP: 70/81 MP: 18/18
 10231 | D:10     | Noticed an unseen horror
 10265 | D:10     | Killed an unseen horror
 10265 | D:10     | Reached skill level 5 in Axes
 10265 | D:10     | Reached skill level 9 in Maces & Flails
 10475 | D:10     | Reached skill level 5 in Spellcasting
 10734 | D:11     | Found a bloodstained altar of Trog.
 10782 | D:11     | Noticed a white ugly thing
 10823 | D:11     | Killed a brown ugly thing
 10957 | D:11     | Found a staircase to the Lair.
 10999 | D:11     | Noticed a two-headed ogre
 11117 | D:11     | Noticed a two-headed ogre
 11133 | D:11     | Killed a two-headed ogre
 11402 | D:11     | Killed a two-headed ogre
 11409 | Lair:1   | Entered Level 1 of the Lair of Beasts
 11523 | Lair:1   | Reached XP level 12. HP: 76/89 MP: 20/20
 12405 | Lair:2   | Noticed a seven-headed hydra
 12509 | Lair:2   | HP: 3/89 [ten-headed hydra (3)]
 12509 | Lair:2   | Mangled by a ten-headed hydra

Illustrated notes

Levels and vault maps discovered:
D:1:      dpeg_arrival_lava_altar, layout_basic, minmay_bisected
D:2:      layout_loops_ring, tso_altar, uniq_terence, uniq_crazy_yiuf_cottage,
          uniq_jessica
D:3:      layout_basic, nicolae_overflow_crystal_walls
D:4:      layout_loops_ring, kennysheep_another_room
D:5:      lemuel_upstairs_altar, layout_loops_ring,
          minmay_temple_entry_glassed_door, first_ration, serial_shops,
          kennysheep_little_box
D:6:      layout_loops_cross, chequers_temple_overflow_statue_of_worship,
          nicolae_overflow_hidden_temple, old_standard_altar,
          minmay_chambers_of_fives
D:7:      layout_cave_pods
D:8:      layout_loops_corners, lemuel_coloured_pillars_altar, the_bakery
D:9:      cheibrodos_ideogram_h, layout_basic, xom_redecorated,
          ashenzari_conservatory_becter, serial_shops, shop,
          nicolae_shop_competitors_out_of_business, nicolae_shop_stone, shop,
          shop, uniq_harold
D:10:     layout_big_octagon
D:11:     layout_gridville, minmay_lair_entry_grove, trog_ov_bears_minmay,
          uniq_snorg
Temple:   nicolae_temple_god_jail
Lair:1:   layout_cave_shapes
Lair:2:   layout_roguey [special_room_bee], grunt_megastairs_4

Skill      XL: |  1  2  3  4  5  6  7  8  9 10 11 12 |
---------------+-------------------------------------+-----
Fighting       | 2 3 4 5 6 |  6.9
Short Blades   | 4 |  4.6
Armour         | 1 3 4 |  4.3
Maces & Flails | 1 3 4 6 8 9 |  9.7
Spellcasting   | 1 2 3 4 5 6 |  6.0
Stealth        | 1 2 |  2.0
Dodging        | 4 5 6 7 |  7.2
Throwing       | 2 3 |  3.9
Axes           | 2 4 7 |  7.6
Shields        | 1 2 |  2.5
Conjurations   | |  0.3
Fire Magic     | |  0.3

Action                   |  1- 3 |  4- 6 |  7- 9 | 10-12 || total
-------------------------+-------+-------+-------+-------++-------
Melee: Rapier            |    99 |    74 |       |       ||   173
       Bite              |     6 |    26 |    95 |   126 ||   253
       Unarmed           |       |     2 |       |       ||     2
       Mace              |       |   176 |   373 |       ||   549
       War axe           |       |       |   165 |   537 ||   702
Throw: Throwing net      |       |     1 |     3 |       ||     4
       Boomerang         |       |       |    64 |       ||    64
       Stone             |       |       |     8 |    53 ||    61
 Cast: Foxfire           |       |       |       |    16 ||    16
Evoke: Wand              |       |       |     2 |       ||     2
  Use: Scroll            |     6 |    10 |    12 |     3 ||    31
       Potion            |       |       |     6 |     4 ||    10
 Stab: Distracted        |       |       |       |     2 ||     2
       Sleeping          |       |       |       |     3 ||     3
Armor: Leather armour    |    12 |     1 |    47 |   136 ||   196
       Chain mail        |       |   158 |   269 |       ||   427
Dodge: Dodged            |    63 |    99 |   286 |   429 ||   877
Block: Buckler           |       |       |    91 |   173 ||   264
